Map: Orbital Shipyard

Players

IllIIllIlllI - Winner!

  • Race: Terran Terran
  • League: Grandmaster

Miszu

  • Race: Terran Terran
  • League: Grandmaster

VOD

Have the link to the VOD?

Description

Time

  • Played on: Feb. 19, 2016, 6:56 p.m.
  • Length: 5:15
Show
View Real Time Build Order
Export as new Build Order

IllIIllIlllI Terran - Winner!

Build Orders:  

Get SALT Encoding   

  12  0:00  SCV  
  13  0:12  SCV  
  14  0:17  Supply Depot  
  14  0:25  SCV  
  15  0:39  SCV  
  15  0:40  Barracks  
  16  0:44  Refinery  
  16  0:51  SCV  
  17  0:58  Barracks  
  17  1:03  SCV  
  18  1:15  SCV  
  19  1:27  Orbital Command  
  19  1:28  Reaper  
  19  1:32  Supply Depot  
  20  1:47  Reaper  
  20  1:53  SCV  
  22  1:54  Refinery  
  22  2:04  Reaper  
  23  2:10  SCV  
  24  2:19  Command Center  
  24  2:23  Reaper  
  24  2:25  SCV  
  26  2:36  Reaper  
  27  2:37  SCV  
  27  2:42  Supply Depot  
  28  2:49  SCV  
  29  2:53  Factory  
  29  2:56  Barracks Tech Lab  
  29  3:01  SCV  
  30  3:08  Barracks Reactor  
  30  3:13  SCV  
  30  3:15  Marine  
  32  3:25  SCV  
  32  3:32  Orbital Command  
  32  3:36  Marine  
  32  3:37  SCV  
  32  3:38  Starport  
  32  3:39  Factory Tech Lab  
  34  3:44  Refinery  
  34  3:47  Marine x2  
  36  3:49  SCV  
  36  3:53  Marine  
  38  4:00  SCV  
  38  4:02  SCV  
  40  4:03  Siege Tank  
  41  4:11  Marine x3  
  41  4:12  SCV  
  41  4:14  SCV  
  44  4:23  Supply Depot  
  44  4:24  SCV  
  44  4:26  SCV  
  44  4:27  Viking  
  48  4:31  Marine x3  
  48  4:36  SCV  
  48  4:38  SCV  
  56  4:45  Supply Depot  
  56  4:48  SCV  
  56  4:50  SCV  
  62  5:10  Supply Depot  
  62  5:12  Supply Depot  
Show
View Real Time Build Order
Export as new Build Order

Miszu Terran 

Build Orders:  

Get SALT Encoding   

  12  0:00  SCV  
  13  0:12  SCV  
  14  0:17  Supply Depot  
  14  0:24  SCV  
  15  0:39  SCV  
  15  0:41  Barracks  
  16  0:45  Refinery  
  16  0:51  SCV  
  17  1:03  SCV  
  18  1:15  SCV  
  19  1:28  Orbital Command  
  19  1:29  Barracks Reactor  
  19  1:42  Command Center  
  19  1:54  SCV  
  19  1:57  Supply Depot  
  20  2:07  Marine x2  
  20  2:08  SCV  
  23  2:17  Factory  
  23  2:20  SCV  
  24  2:24  Marine  
  24  2:25  Marine  
  26  2:33  SCV  
  26  2:35  Refinery  
  26  2:42  Marine x2  
  28  2:46  SCV  
  29  3:00  Marine x2, SCV  
  29  3:03  Factory Tech Lab  
  29  3:04  Starport  
  32  3:11  Orbital Command  
  32  3:15  SCV  
  32  3:27  SCV  
  32  3:32  Siege Tank  
  36  3:36  SCV  
  36  3:39  SCV  
  38  3:42  Supply Depot, Marine x2  
  40  3:48  Medivac  
  40  3:50  SCV  
  40  3:51  SCV  
  33  4:10  SCV  
  33  4:11  Marine  
  33  4:13  Marine  
  33  4:14  SCV  
  37  4:22  SCV  
  41  4:24  Siege Tank  
  41  4:26  SCV  
  41  4:29  Marine  
  43  4:31  Supply Depot  
  43  4:35  Marine  
  43  4:36  SCV  
  45  4:44  Medivac  
  47  4:45  SCV  
  48  4:54  Marine x2  
  50  5:00  SCV  
Tags
 
Add a new tag
Caveats
  • Supply blocks, unpowered buildings, or Contaminate may cause inaccurate times.
  • Supply counts are checked every 10 seconds.